 Dungeon Crawl Stone Soup version 0.21.1-1-g345015f (webtiles) character file.

120 Gorggeron the Covered (level 5, -5/33 HPs)
             Began as a Gargoyle Fighter on May 17, 2018.
             Killed by divine providence
             ... invoked by an orc priest
              (16 damage)
             ... on level 3 of the Dungeon.
             The game lasted 00:10:56 (1776 turns).

Gorggeron the Covered (Gargoyle Fighter)            Turns: 1776, Time: 00:11:02

Health: -5/33      AC: 13    Str: 21    XL:     5   Next: 4%
Magic:  5/5        EV:  7    Int:  8    God:
Gold:   106        SH:  9    Dex:  9    Spells: 4/4 levels left

rFire    . . .     SeeInvis .   a - +0 war axe
rCold    . . .     Gourm    .   c - +0 shield
rNeg     + . .     Faith    .   b - +0 scale mail
rPois    ∞         Spirit   .   s - +0 helmet
rElec    +         Reflect  .   (no cloak)
rCorr    .         Harm     .   (no gloves)
MR       .....                  m - +0 pair of boots
Stlth    ..........             (no amulet)
HPRegen  0.11/turn              (no ring)
MPRegen  0.09/turn              (no ring)

@: no status effects
A: negative energy resistance 1, electricity resistance, unbreathing,
petrification resistance, rot immunity, AC +4
a: no special abilities


You were on level 3 of the Dungeon.
You were hungry.

You visited 1 branch of the dungeon, and saw 3 of its levels.

You collected 106 gold pieces.

Inventory:

Hand Weapons
 a - a +0 war axe (weapon)
 r - a cursed -2 hunting sling
 v - a +0 spear
Missiles
 e - 40 arrows
 i - 54 sling bullets
 j - 84 stones (quivered)
 p - 72 bolts
Armour
 b - a +0 scale mail (worn)
 c - a +0 shield (worn)
 m - a +0 pair of boots (worn)
 s - a +0 helmet (worn)
Scrolls
 g - 2 scrolls of identify {unknown}
 h - 2 scrolls of enchant weapon {unknown}
 k - a scroll of enchant armour {unknown}
 n - 2 scrolls of teleportation {unknown}
 o - a scroll of immolation {unknown}
 w - a scroll of fear {unknown}
 y - a scroll of magic mapping {unknown}
Potions
 d - a potion of might
 l - 4 potions of heal wounds {unknown}
 q - 2 potions of agility {unknown}
 u - 2 potions of curing {unknown}
Books
 x - a book of Minor Magic

   Spells                             Type                      Level
   a - Magic Dart                     Conjuration                  1
   b - Blink                          Translocation                2
   c - Call Imp                       Summoning                    2
   d - Slow                           Hexes                        2
   e - Conjure Flame                  Conjuration/Fire             3
   f - Mephitic Cloud                 Conjuration/Poison/Air       3
Comestibles
 f - 9 rations
 t - 12 chunks of flesh


   Skills:
 + Level 4.2 Fighting
 + Level 3.3 Axes
 + Level 4.2 Armour
 - Level 3.2 Shields


You had 4 spell levels left.
You didn't know any spells.

Dungeon Overview and Level Annotations

Branches:
Dungeon (3/15)

Altars:
Gozag
Hepliaklqana


Innate Abilities, Weirdness & Mutations

You are resistant to torment.
Your stone body is resilient. (AC +4)
You are immune to poison.
You resist negative energy. (rN+)
You are resistant to electric shocks. (rElec)
You can survive without breathing.
You are immune to petrification.
You are immune to rotting.


Message History

The orc priest is moderately wounded.
The orc priest closely misses you.
The orc priest hits you but does no damage.
A worm comes into view.
You are feeling hungry.
You slash the orc priest!
The orc priest is almost dead.
You block the orc's attack.
The orc priest hits you but does no damage.
You closely miss the orc priest.
The orc priest is almost dead.
The orc hits you but does no damage. The orc priest closely misses you.
You block the orc's attack.
You barely miss the orc priest.
The orc priest is almost dead.
The orc priest mumbles some strange prayers to Beogh against you.
Beogh smites you!
The orc priest mumbles some strange prayers to Beogh against you.
Beogh smites you!
You die...

#....##.. ####.##..
#.##.. #.##..
#######.##.)
#........... #.
#########.......
##...####)..........)..#
....woo@..#######.#.####
##..####### #.#.# #.#.#
..#.# ###.# #.


You could see a worm, an orc priest and an orc.

Vanquished Creatures
  4 adders (D:3)
  An ooze (D:3)
  A worm (D:2)
  A dart slug (D:2)
  2 leopard geckos (D:1)
  2 orcs (D:3)
  9 bats
  7 goblins
  8 hobgoblins
  11 jackals
  7 kobolds
  3 quokkas
  6 frilled lizards
  3 rats
65 creatures vanquished.

Notes
Turn   | Place    | Note
-------+----------+-------------------------------------------
     0 | D:1      | Gorggeron the Gargoyle Fighter began the quest for the Orb.
     0 | D:1      | Reached XP level 1. HP: 14/14 MP: 1/1
   102 | D:1      | Reached XP level 2. HP: 19/19 MP: 2/2
   451 | D:1      | Reached XP level 3. HP: 24/24 MP: 3/3
   821 | D:2      | Found a hazy altar of Hepliaklqana.
  1307 | D:2      | Found an opulent altar of Gozag.
  1435 | D:2      | Reached XP level 4. HP: 29/29 MP: 4/4
  1733 | D:3      | Reached XP level 5. HP: 33/33 MP: 5/5
  1776 | D:3      | Killed from afar by an orc priest

Skill      XL: |  1  2  3  4 |
---------------+-------------+-----
Axes           | 2 3 |  3.3
Armour         | 4 |  4.2
Fighting       | 4 |  4.2
Shields        | |  3.2

Action                   |  1- 3 |  4- 6 || total
-------------------------+-------+-------++-------
Melee: War axe           |   157 |    94 ||   251
  Eat: Chunk             |     2 |     1 ||     3
Armor: Scale mail        |    86 |    50 ||   136
Dodge: Dodged            |    47 |    32 ||    79
Block: Shield            |    67 |    51 ||   118
